 Dungeon Crawl Stone Soup version 0.31-a0-210-gccc998df9b (webtiles) character file.

Game seed: 15178623680229830075

956 123456 the Trooper (level 7, -1/66 HPs)
             Began as a Minotaur Fighter on June 29, 2023.
             Slain by an orc warrior
             ... wielding a +1 battleaxe of venom
              (9 damage)
             ... on level 5 of the Dungeon.
             The game lasted 00:04:06 (3908 turns).

123456 the Trooper (Minotaur Fighter)               Turns: 3908, Time: 00:04:07

Health: -1/66      AC:  8    Str: 29    XL:     7   Next: 91%
Magic:  6/6        EV: 11    Int:  5    God:
Gold:   283        SH:  4    Dex:  9    Spells: 6/6 levels left

rFire   . . .        a - +0 flail
rCold   . . .        c - +0 buckler
rNeg    . . .        b - +0 scale mail
rPois   .            (helmet restricted)
rElec   .            u - +0 cloak
rCorr   .            (no gloves)
SInv    .            (no boots)
Will    .....        (no amulet) Stlth
                     p - +6 ring of strength
HPRegen 0.31/turn    (no ring)
MPRegen 0.10/turn

%: no passive effects
@: lethally poisoned (-1 -> -16)
A: horns 2, retaliatory headbutt
a: no special abilities


You were on level 5 of the Dungeon.
You visited 1 branch of the dungeon, and saw 5 of its levels.

You collected 283 gold pieces.

Inventory:

Hand Weapons
 a - a +0 flail (weapon)
Armour
 b - a +0 scale mail (worn)
 c - a +0 buckler (worn)
 u - a +0 cloak (worn)
Jewellery
 p - a +6 ring of strength (left hand)
Scrolls
 f - 2 scrolls of immolation
 g - a scroll of poison
 h - a scroll of vulnerability {unknown}
 i - a scroll of revelation {unknown}
 k - 2 scrolls of amnesia {unknown}
 l - a scroll of acquirement {unknown}
 n - 8 scrolls of identify {unknown}
 o - 3 scrolls of noise {unknown}
 q - 2 scrolls of enchant armour {unknown}
 s - 2 scrolls of teleportation {unknown}
 t - a scroll of fear {unknown}
Potions
 d - 2 potions of might
 j - a potion of heal wounds
 m - a potion of haste {unknown}
 r - a potion of enlightenment {unknown}


   Skills:
 * Level 7.3 Fighting
 * Level 6.7 Maces & Flails
 + Level 5.7 Armour
 + Level 3.6 Dodging
 - Level 3.6 Shields


You had 6 spell levels left.
You didn't know any spells.
Your spell library was empty.

Dungeon Overview and Level Annotations

Branches:
Dungeon (5/15)
 Temple: D:4-7

Altars:
Wu Jian
Yredelemnul


Innate Abilities, Weirdness & Mutations

You have a pair of horns on your head.
You reflexively headbutt those who attack you in melee.


Message History

You miss something. Something hits you but does no damage.
The orc hits you with a +0 dagger.
You hit something. The orc hits you but does no damage.
Something hits you but does no damage.
You miss something. Your headbutt misses something.
Something hits you but does no damage. The orc hits you but does no damage.
You miss something. You headbutt something.
Reactivating autopickup.
You feel a bit more experienced.
An orc comes into view. It is wielding a +0 short sword.
The orc barely misses you.
You miss the hound. You block the hound's attack. The orc barely misses you.
The hound barely misses you.
You sock the hound! Your headbutt misses the hound.
The hound is severely wounded.
The hound bites you. The orc hits you but does no damage.
You block the hound's attack. The orc hits you but does no damage.
You closely miss the hound. Your headbutt misses the hound.
The hound is severely wounded.
The hound bites you but does no damage. The orc hits you but does no damage.
You barely miss the hound.
The hound is severely wounded.
The hound closely misses you. The hound bites you but does no damage.
You hit the hound but do no damage.
The hound is severely wounded.
You block the hound's attack. The hound bites you.
You closely miss the hound. Your headbutt misses the hound.
The hound is severely wounded.
The hound closely misses you. The orc warrior barely misses you.
You sock the hound!
You kill the hound!
The orc warrior hits you with a +1 battleaxe of venom!!
* * * LOW HITPOINT WARNING * * *
You are lethally poisoned!
You barely miss the orc. You headbutt the orc.
You kill the orc!
* * * LOW HITPOINT WARNING * * *
You feel very sick.
The orc warrior hits you with a +1 battleaxe of venom!
You die... ## ##... #8..8. ###oooo.. ##oooooo..

##### #@)#......
...# #)## 8..8.
#.#####.## #...
#.>.).)..### ##
#.))<...)..#
#.########.#
##.## .# #.))##
.
.#.#.#.######..#


You could see an orc warrior, an orc priest and 8 orcs.

Vanquished Creatures
  An orc warrior (D:5)
  An ogre (D:4)
  A phantom (D:5)
  2 scorpions
  A howler monkey (D:4)
  A bullfrog zombie (D:4)
  2 hounds
  2 iguanas
  2 gnoll boudas (D:5)
  A sleepcap (D:5)
  3 orc wizards (D:5)
  A scorpion zombie (D:4)
  5 adders
  8 gnolls (D:5)
  A white imp (D:5)
  2 adder zombies (D:4)
  2 worms (D:3)
  A dart slug (D:1)
  14 orcs
  6 bats
  3 endoplasms
  2 giant cockroaches
  5 goblins
  5 hobgoblins
  3 kobolds
  4 quokkas
  7 ball pythons
  2 frilled lizards
  A quokka zombie (D:4)
  7 rats
96 creatures vanquished.

Notes
Turn   | Place    | Note
-------+----------+-------------------------------------------
     0 | D:1      | 123456 the Minotaur Fighter began the quest for the Orb.
     0 | D:1      | Reached XP level 1. HP: 19/19 MP: 0/0
   129 | D:1      | Reached XP level 2. HP: 19/27 MP: 1/1
   473 | D:1      | Reached skill level 4 in Fighting
  1217 | D:2      | Reached skill level 1 in Dodging
  1217 | D:2      | Reached XP level 3. HP: 18/33 MP: 2/2
  1423 | D:2      | You fall into a shaft and drop 1 floor!
  1431 | D:3      | Noticed a scorpion
  1434 | D:3      | Killed a scorpion
  1435 | D:3      | Reached XP level 4. HP: 41/41 MP: 3/3
  2023 | D:3      | Reached skill level 5 in Fighting
  2200 | D:3      | Found an ornate altar of the Wu Jian Council.
  2211 | D:3      | Reached XP level 5. HP: 48/48 MP: 4/4
  2984 | D:4      | Found a basalt altar of Yredelemnul.
  3024 | D:4      | Reached XP level 6. HP: 54/57 MP: 5/5
  3064 | D:4      | Reached skill level 5 in Maces & Flails
  3195 | D:4      | Reached skill level 6 in Fighting
  3195 | D:4      | Reached skill level 5 in Armour
  3573 | D:5      | Entered Level 5 of the Dungeon
  3574 | D:5      | Found a runed translucent door.
  3582 | D:5      | Reached XP level 7. HP: 56/64 MP: 6/6
  3640 | D:5      | HP: 3/64 [gnoll bouda/+0 club (11)]
  3882 | D:5      | Reached skill level 7 in Fighting
  3908 | D:5      | Slain by an orc warrior

Illustrated notes

Levels and vault maps discovered:
D:1:      amcnicky_arrival_wind_blow, layout_basic
D:2:      layout_loops_ring, minmay_misc_feat_rugged
D:3:      layout_basic, mainiacjoe_overflow_small_starburst, serial_bayou,
          serial_bayou_pond_c, serial_bayou_shore_a, serial_bayou_pond_c,
          serial_bayou_ford_a
D:4:      layout_cave_pools, nicolae_yredelemnul_corpse_copse, st_stairs_5,
          roderic_lattice_a
D:5:      layout_loops_ring, lightli_church_of_beogh

Skill      XL: |  1  2  3  4  5  6  7 |
---------------+----------------------+-----
Fighting       | 4 5 6 7 |  7.3
Maces & Flails | 3 4 5 6 |  6.7
Dodging        | 1 2 3 |  3.6
Armour         | 4 5 |  5.7
Shields        | |  3.6

Action                     |  1- 3 |  4- 6 |  7- 9 || total
---------------------------+-------+-------+-------++-------
  Melee: Flail             |    68 |   118 |    85 ||   271
         Headbutt          |     4 |    26 |    12 ||    42
    Use: Scroll            |     2 |       |       ||     2
         Potion            |       |       |     5 ||     5
 Armour: Scale mail        |    36 |    32 |    65 ||   133
  Dodge: Dodged            |    41 |    54 |    55 ||   150
  Block: Buckler           |    12 |    18 |    24 ||    54

Table legend: (Time is in decaauts)
 A = Elapsed time spent in this place.
 B = Non-inter-level travel time spent in this place.
 C = Inter-level travel time spent in this place.
 D = Time resting spent in this place.
 E = Time spent auto-exploring this place.
 F = Levels seen in this place.
 G = Mean time per level.
                   A        B        C        D        E       F      G
               +--------+--------+--------+--------+--------+-----+--------+
         Total |   3994 |   3831 |    163 |    285 |   2925 |   5 |  798.8 |
       Dungeon |   3994 |   3831 |    163 |    285 |   2925 |   5 |  798.8 |
               +--------+--------+--------+--------+--------+-----+--------+

Top non-repeatable levels by time:
     D:3: 1046 daAuts
     D:1: 1043 daAuts
     D:2: 795 daAuts
     D:4: 763 daAuts
     D:5: 346 daAuts
